 Dungeon Crawl Stone Soup version 0.27.1-34-g3ba077fa99 (webtiles) character file.

Game seed: 8265782327451573999

65 cbfl8 the Sneak (level 3, -4/33 HPs)
             Began as a Minotaur Delver on Jan 17, 2022.
             Slain by a bullfrog (7 damage)
             ... in a sewer.
             The game lasted 00:01:55 (2224 turns).

cbfl8 the Sneak (Minotaur Delver)                   Turns: 2224, Time: 00:01:56

Health: -4/33      AC:  3    Str: 16    XL:     3   Next: 94%
Magic:  2/2        EV: 12    Int:  8    God:
Gold:   0          SH:  0    Dex: 11    Spells: 2/2 levels left

rFire    . . .     SeeInvis .   a - +0 hand axe
rCold    . . .     Faith    .   (no shield)
rNeg     . . .     Spirit   .   b - +0 leather armour
rPois    .         Reflect  .   (helmet restricted)
rElec    .         Harm     .   (no cloak)
rCorr    .         Rampage  .   (no gloves)
Will     .....                  (no boots)
Stlth    +.........             (no amulet)
HPRegen  0.11/turn              (no ring)
MPRegen  0.08/turn              (no ring)

@: very slow
A: horns 2, retaliatory headbutt
a: no special abilities


You were in a sewer.
You visited 1 branch of the dungeon, and saw 2 of its levels.
You also visited: Sewer.

Inventory:

Hand Weapons
 a - a +0 hand axe (weapon)
Armour
 b - a +0 leather armour (worn)
Wands
 g - a wand of digging (3)
Scrolls
 c - a scroll of fog
 d - a scroll of magic mapping
 e - a scroll of fear
Potions
 f - a potion of haste


   Skills:
 + Level 3.9 Fighting
 + Level 2.6 Axes
 + Level 2.0 Armour
 + Level 2.5 Dodging
 + Level 4.7 Stealth


You had 2 spell levels left.
You didn't know any spells.
Your spell library was empty.

Dungeon Overview and Level Annotations

Branches:
Dungeon (5/15)              Sewer (1/1)
 Temple: D:4-7

Altars:

Annotations:
D:5 Eustachio


Innate Abilities, Weirdness & Mutations

You have a pair of horns on your head.
You reflexively headbutt those who attack you in melee.


Message History

The giant cockroach waves its antennae.
Your unstable footing causes you to fumble your attack.
The giant cockroach barely misses you. You furiously retaliate!
You headbutt the giant cockroach. You slash the giant cockroach!
You kill the giant cockroach!
Your Armour skill increases to level 2!
Found 12 gold pieces and a scroll of fear.
You see here a giant cockroach corpse.
A bullfrog, an endoplasm and 2 giant cockroaches come into view.
The giant cockroach moves out of view.
A bullfrog comes into view.
The giant cockroach bites you.
You completely miss the giant cockroach.
The giant cockroach barely misses you. You furiously retaliate!
You headbutt the giant cockroach!
You kill the giant cockroach!
You enter the shallow water.
Moving in this stuff is going to be slow.
The bullfrog croaks. x2
The endoplasm quivers.
You see here a giant cockroach corpse.
The bullfrog closely misses you. You furiously retaliate!
You headbutt the bullfrog. The giant cockroach bites you.
The bullfrog barely misses you. You furiously retaliate!
You headbutt the bullfrog, but do no damage.
The giant cockroach barely misses you. The bullfrog barely misses you.
The bullfrog hits you!
Your unstable footing causes you to fumble your attack.
The bullfrog hits you.
The giant cockroach splashes around in the water.
The bullfrog hits you!
You barely miss the giant cockroach. You hit the endoplasm but do no damage.
You hit the bullfrog. x2; The bullfrog hits you.
* * * LOW HITPOINT WARNING * * *
The bullfrog hits you.
* * * LOW HITPOINT WARNING * * *
The giant cockroach bites you but does no damage.
The bullfrog hits you!
You die...

#≈≈†#########≈...≈#
####....≈≈.≈≈≈≈####≈≈∩#
##≈≈#≈≈≈≈≈#####≈÷≈.#####
####..≈#######.∩≈#≈...≈≈≈##
##≈≈≈≈≈≈.#..≈.≈≈≈≈####.≈≈≈≈##
##≈≈≈.#†.##≈..≈≈≈≈≈.≈≈###≈≈≈≈##
#≈.≈≈##.†#.†#######.≈≈≈≈##≈≈..#
##≈≈≈##≈≈##≈≈#≈≈F≈≈###≈≈÷≈##≈.≈#
#.≈≈≈#≈.≈#≈≈..†@B.≈≈≈##≈≈≈≈#≈≈≈.
##≈≈≈##≈≈.#≈≈≈.≈FJ≈≈≈≈≈##≈≈≈##.≈≈
#.≈≈≈#≈≈≈≈#≈≈≈≈.≈≈≈.≈≈≈≈#≈≈.≈#≈≈≈
#∩.≈≈#≈≈≈≈#≈≈.)$$.≈≈≈≈≈≈#≈≈≈≈#.≈≈
#.≈≈≈#≈≈≈≈#≈≈≈..$?.≈≈≈≈≈#≈≈≈≈#≈≈≈
##≈.≈##≈.≈##≈≈≈..≈..≈≈≈##≈≈≈##≈≈.
#.≈..#≈≈≈≈##≈≈≈≈≈≈≈≈≈##≈≈≈≈#..≈≈
##≈≈≈##≈..≈###≈≈≈≈≈###≈.≈.##≈≈.#
#≈≈≈.##≈≈≈.≈#######†≈≈≈≈##≈≈≈.#


You could see 2 bullfrogs, an endoplasm and a giant cockroach.

Vanquished Creatures
  2 adders (Sewer)
  5 endoplasms (Sewer)
  12 giant cockroaches (Sewer)
  5 quokkas (Sewer)
  9 ball pythons
  13 frilled lizards (Sewer)
46 creatures vanquished.

Notes
Turn   | Place    | Note
-------+----------+-------------------------------------------
     0 | D:5      | cbfl8 the Minotaur Delver began the quest for the Orb.
     0 | D:5      | Reached XP level 1. HP: 19/19 MP: 0/0
     3 | D:5      | Noticed Eustachio
    21 | D:4      | Noticed an iguana
    31 | D:4      | Found a glowing drain.
    43 | Sewer    | Entered a sewer
   285 | Sewer    | Reached XP level 2. HP: 17/27 MP: 1/1
   747 | Sewer    | Reached XP level 3. HP: 18/33 MP: 2/2
   999 | Sewer    | Reached skill level 1 in Armour
  2217 | Sewer    | Noticed a bullfrog
  2219 | Sewer    | Noticed a bullfrog
  2224 | Sewer    | Slain by a bullfrog

Illustrated notes

Levels and vault maps discovered:
D:4:      layout_cave_pools, cheibrodos_sewer_entry_drain,
          nicolae_shop_sticking_my_neck_out
D:5:      layout_basic, serial_shops, nicolae_lakefront_shop, enter_ossuary_3,
          uniq_blork_the_orc, uniq_eustachio
Sewer:    sewer_frog_island_02

Skill      XL: |  1  2  3 |
---------------+----------+-----
Armour         | 2 |  2.0
Fighting       | |  3.9
Axes           | |  2.6
Dodging        | |  2.5
Stealth        | |  4.7

Action                   || total
-------------------------++-------
Melee: Hand axe          ||   109
       Headbutt          ||     9
Armor: Leather armour    ||    49
Dodge: Dodged            ||   124
